 Dungeon Crawl Stone Soup version 0.19-a0-1201-gda63bca (webtiles) character file.

4386 junb69 the Destroyer (level 10, -13/69 HPs)
             Began as a White Draconian Conjurer on Aug 20, 2016.
             Was a Priest of Vehumet.
             Shot with an arrow by a centaur (14 damage)
             ... while paralysed
             ... on level 9 of the Dungeon.
             The game lasted 00:37:17 (10602 turns).

junb69 the Destroyer (White Draconian Conjurer)    Turns: 10602, Time: 00:37:18

Health: -13/69     AC: 13    Str: 11    XL:     10   Next: 13%
Magic:  24/30      EV:  2    Int: 18    God:    Vehumet [***...]
Gold:   69         SH:  0    Dex: 12    Spells: 5 memorised, 3 levels left

rFire  x . .     SeeInvis .     s - +2 whip (pain)
rCold  + + .     Gourm    .     (armour unavailable)
rNeg   . . .     Faith    .     (no shield)
rPois  .         Spirit   .     (helmet restricted)
rElec  .         Dismiss  .     K - +1 cloak {MR+}
rCorr  .         Reflect  .     i - +0 pair of gloves
MR     +....     Harm     .     P - +2 pair of boots {run}
Stlth  ++........               E - amulet of magic regeneration
                                G - ring of ice
                                e - ring of magical power

@: paralysed, exhausted, slowed, quick
A: breathe frost, unfitting armour, cold resistance 1, cold-blooded, AC +7
a: Breathe Frost, Renounce Religion


You were on level 9 of the Dungeon.
You worshipped Vehumet.
Vehumet was most pleased with you.
You were very hungry.

You visited 2 branches of the dungeon, and saw 10 of its levels.

You collected 316 gold pieces.
You spent 247 gold pieces at shops.

Inventory:

Hand Weapons
 j - a +0 blowgun
 s - a +2 whip of pain (weapon)
Missiles
 k - 5 curare-tipped needles
 x - 9 poisoned needles
Armour
 i - a +0 pair of gloves (worn)
 K - a +1 cloak of magic resistance (worn)
 P - a +2 pair of boots of running (worn)
Jewellery
 e - a ring of magical power (left hand)
 t - an uncursed amulet of dismissal
 w - a +2 ring of dexterity {unknown}
 E - an amulet of magic regeneration (around neck)
 G - a ring of ice (right hand)
Wands
 y - a wand of disintegration (2/24)
 H - a wand of iceblast (4/15)
 I - a wand of disintegration (13/24)
 L - a wand of paralysis (15/24)
Scrolls
 f - 5 scrolls of remove curse
 g - 4 scrolls of teleportation {unknown}
 l - 2 scrolls of enchant armour {unknown}
 o - a scroll of random uselessness {unknown}
 v - a scroll of amnesia {unknown}
 z - 2 scrolls of recharging {unknown}
 D - 2 scrolls of magic mapping {unknown}
 N - a scroll of fear {unknown}
 O - a scroll of identify
Potions
 c - 3 potions of might
 h - 2 potions of ambrosia
 m - a potion of lignification
 n - a potion of brilliance
 r - 3 potions of curing
 C - a potion of cure mutation
 J - a potion of agility
Books
 a - a book of Conjurations

   Spells                             Type                      Level
   a - Magic Dart                     Conjuration                  1
   b - Searing Ray                    Conjuration                  2
   c - Dazzling Spray                 Conjuration/Hexes            3
   d - Fulminant Prism                Conjuration/Hexes            4
   e - Iskenderun's Mystic Blast      Conjuration                  4
   f - Iskenderun's Battlesphere      Conjuration/Charms           5
 q - a book of Ice

   Spells                             Type                      Level
   a - Ice Form                       Ice/Transmutation            4
   b - Metabolic Englaciation         Hexes/Ice                    5
   c - Ozocubu's Refrigeration        Ice                          6
   d - Bolt of Cold                   Conjuration/Ice              6
   e - Freezing Cloud                 Conjuration/Ice/Air          6
   f - Simulacrum                     Ice/Necromancy               6
 A - a book of Summonings

   Spells                             Type                      Level
   a - Recall                         Summoning/Translocation      3
   b - Aura of Abjuration             Summoning                    5
   c - Summon Demon                   Summoning                    5
   d - Summon Forest                  Summoning/Translocation      5
   e - Summon Mana Viper              Hexes/Summoning              5
   f - Shadow Creatures               Summoning                    6
 B - a book of Annihilations

   Spells                             Type                      Level
   a - Poison Arrow                   Conjuration/Poison           6
   b - Chain Lightning                Conjuration/Air              8
   c - Lehudib's Crystal Spear        Conjuration/Earth            8
   d - Glaciate                       Conjuration/Ice              9
   e - Fire Storm                     Conjuration/Fire             9
Miscellaneous
 F - a phantom mirror
Comestibles
 b - 5 bread rations
 d - 3 meat rations
 p - 3 beef jerkies


   Skills:
 - Level 1.7 Dodging
 - Level 1.7 Stealth
 * Level 7.4 Spellcasting
 - Level 9.5 Conjurations
 - Level 5.6 Charms
 * Level 7.8 Ice Magic


You had 3 spell levels left.
You knew the following spells:

 Your Spells              Type           Power        Failure   Level  Hunger
a - Magic Dart            Conj           ####         1%          1    None
b - Searing Ray           Conj           #####.       1%          2    None
c - Iskenderun's Battles  Conj/Chrm      ####....     4%          5    #####..
d - Bolt of Cold          Conj/Ice       ######....   13%         6    ######.
e - Freezing Cloud        Conj/Ice/Air   #####.....   61%         6    ######.


Dungeon Overview and Level Annotations

Branches:
Dungeon (9/15)             Temple (1/1) D:4            Lair (0/6) D:8
    Orc: D:9-12

Altars:
Ashenzari
Cheibriados
Dithmenos
Elyvilon
Fedhas
Gozag
Hepliaklqana
Kikubaaqudgha
Makhleb
Nemelex Xobeh
Okawaru
Qazlal
Ru
Sif Muna
Trog
Uskayaw
Vehumet
Xom
Yredelemnul
Zin
The Shining One

Shops:
D:8 [


Innate Abilities, Weirdness & Mutations

You can breathe waves of freezing cold.
You can buffet flying creatures when you breathe cold.
Your icy white scales are hard. (AC +7)
Your body does not fit into most forms of armour.
Your flesh is cold resistant. (rC+)
You are cold-blooded and may be slowed by cold attacks.


Message History

The centaur wields a shortbow.
The centaur shoots an arrow.
The arrow barely misses you.
You feel a strong urge to attack something.
The centaur shoots an arrow.
The arrow hits you.
* * * LOW HITPOINT WARNING * * *
Things that are here:
an arrow; a kobold corpse The centaur shoots an arrow.
The arrow barely misses you.
There is a stone staircase leading up here.
Items here: (( )) † an uncursed dagger of electrocution; an uncursed blowgun; 11 poisoned needles a stone; a kobold corpse You feel your anger subside.
You are no longer berserk.
You pass out from exhaustion.
You feel yourself slow down.
You are feeling very hungry.
The centaur shoots an arrow.
The arrow hits you.
* * * LOW HITPOINT WARNING * * *
The centaur shoots an arrow.
The arrow hits you!
You die...

....c.
#......
.......
......
..#.#..
...c..
..#.#..####
....)†()((#
......(@(.#
#.........#
#........(#
#......>..#
###########


You could see a centaur.

Vanquished Creatures
  Joseph (D:7)
  Grinder (D:4)
  Prince Ribbit (D:6)
  Sigmund (D:5)
  A yak (D:7)
  Eustachio (D:6)
  A hungry ghost (D:7)
  A hippogriff (D:8)
  2 black bears
  6 ogres
  4 centaurs
  A crocodile (D:8)
  2 big kobolds
  2 giant frogs
  2 scorpions
  4 wights (D:8)
  4 howler monkeys
  A gnoll shaman (D:7)
  7 orc priests
  5 hounds
  3 jellies
  6 orc wizards
  7 worker ants
  A hound zombie (D:5)
  A hound skeleton (D:4)
  A howler monkey skeleton (D:7)
  Robin (D:4)
  6 adders
  8 gnolls
  2 river rats (D:8)
  3 shadow imps
  2 white imps (D:9)
  2 adder zombies
  An adder skeleton (D:6)
  4 worms
  5 giant geckos
  21 orcs
  15 bats
  6 giant cockroaches
  17 goblins
  13 hobgoblins
  15 jackals
  3 quokkas
  A giant gecko skeleton (D:7)
  9 giant newts
  19 kobolds
  10 rats
  A fungus (D:8)
231 creatures vanquished.

Vanquished Creatures (others)
  5 fungi (D:8)
5 creatures vanquished.

Grand Total: 236 creatures vanquished

Notes
Turn   | Place    | Note
-------+----------+-------------------------------------------
     0 | D:1      | junb69 the Draconian Conjurer began the quest for the Orb.
     0 | D:1      | Reached XP level 1. HP: 14/14 MP: 3/3
   645 | D:1      | Reached XP level 2. HP: 20/20 MP: 0/5
  1489 | D:2      | Learned a level 2 spell: Searing Ray
  1574 | D:2      | Reached skill level 5 in Conjurations
  1574 | D:2      | Reached XP level 3. HP: 23/26 MP: 6/6
  2272 | D:1      | Reached XP level 4. HP: 33/33 MP: 7/7
  2863 | D:3      | Reached skill level 6 in Conjurations
  3135 | D:3      | Reached XP level 5. HP: 37/38 MP: 9/9
  3168 | D:3      | Learned a level 5 spell: Iskenderun's Battlesphere
  3265 | D:3      | Found a faded altar of an unknown god.
  3593 | D:3      | Reached XP level 6. HP: 44/45 MP: 12/12
  3701 | D:3      | Found an iron altar of Okawaru.
  3976 | D:4      | Reached skill level 5 in Spellcasting
  4048 | D:4      | Found a staircase to the Ecumenical Temple.
  4151 | Temple   | Entered the Ecumenical Temple
  4317 | Temple   | Became a worshipper of Vehumet
  4478 | D:4      | Reached skill level 1 in Charms
  4810 | D:4      | Your scales start taking on an icy white colour.
  4810 | D:4      | Reached XP level 7. HP: 50/50 MP: 14/14
  4810 | D:4      | Gained mutation: Your flesh is cold resistant. (rC+) [White Draconian growth]
  4819 | D:4      | Learned a level 6 spell: Bolt of Cold
  4858 | D:4      | Noticed Robin
  4866 | D:4      | Killed Robin
  4953 | D:4      | Noticed Grinder
  4959 | D:4      | Paralysed by Grinder for 7 turns
  4973 | D:4      | Killed Grinder
  4973 | D:4      | Reached skill level 7 in Conjurations
  5580 | D:5      | Entered Level 5 of the Dungeon
  5753 | D:5      | Reached XP level 8. HP: 57/57 MP: 16/16
  5877 | D:5      | Reached * piety under Vehumet
  5877 | D:5      | Offered knowledge of Flame Tongue by Vehumet.
  6154 | D:5      | Noticed Sigmund
  6166 | D:5      | Killed Sigmund
  6921 | D:6      | Reached skill level 5 in Charms
  7453 | D:6      | Reached skill level 1 in Ice Magic
  7504 | D:6      | Learned a level 6 spell: Freezing Cloud
  7541 | D:6      | Noticed Prince Ribbit
  7554 | D:6      | Killed Prince Ribbit
  7554 | D:6      | Reached XP level 9. HP: 49/62 MP: 13/19
  7701 | D:6      | Noticed Eustachio
  7705 | D:6      | Killed Eustachio
  7936 | D:7      | Reached skill level 8 in Conjurations
  8005 | D:7      | Found a shimmering altar of Xom.
  8005 | D:7      | Found a shimmering altar of Xom.
  8006 | D:7      | Found a shimmering altar of Xom.
  8019 | D:7      | Noticed Joseph
  8048 | D:6      | Reached skill level 5 in Ice Magic
  8456 | D:7      | Killed Joseph
  8533 | D:7      | Reached skill level 9 in Conjurations
  8606 | D:7      | Found a shimmering altar of Xom.
  8609 | D:7      | Found a shimmering altar of Xom.
  8758 | D:7      | Found a glowing silver altar of Zin.
  8770 | D:7      | Found a blossoming altar of Fedhas.
  8814 | D:7      | Reached ** piety under Vehumet
  8860 | D:7      | Offered knowledge of Freeze by Vehumet.
  9730 | D:8      | Found Hejavo's Armour Emporium.
  9733 | D:8      | Bought a +1 cloak of magic resistance for 247 gold pieces
  9744 | D:8      | Found a staircase to the Lair.
  9869 | D:8      | Reached XP level 10. HP: 56/69 MP: 20/20
  9912 | D:8      | Offered knowledge of Throw Flame by Vehumet.
  9957 | D:8      | Found a radiant altar of Vehumet.
 10005 | D:8      | Identified a +2 pair of boots of running (You found it on level 8 of the Dungeon)
 10571 | D:9      | Reached *** piety under Vehumet
 10601 | D:9      | HP: 1/69 [centaur/arrow (5)]
 10602 | D:9      | Shot with an arrow by a centaur

Vault maps used:
D:1:      dpeg_arrival_subterranean_lakeside_camping
D:2:      first_bread, hangedman_abyss_or_decor_lesser_grid
D:3:      okawaru_altar_gauntlet_db, ecumenical_altar_1,
          grunt_decor_mini_mirrors, minmay_door_square, minmay_surrounded
D:4:      uniq_grinder, uniq_robin
D:5:      minmay_checkerbox, uniq_sigmund
D:6:      uniq_eustachio, uniq_prince_ribbit1
D:7:      amethyst_overflow_temple_binary, st_stairs_1, xom_redecorated,
          uniq_joseph
D:8:      due_lair_maze_entry_diamond, basic_altar, serial_shops,
          kennysheep_mini_moat
D:9:      zombieorc2_lemuel, basic_altar, serial_ice, serial_ice_h,
          serial_ice_o, serial_ice_b, serial_ice_j, serial_ice_d
Temple:   dpeg_five_rooms_temple

Skill      XL: |  1  2  3  4  5  6  7  8  9 |
---------------+----------------------------+-----
Conjurations   | 5 6 7 9 |  9.5
Spellcasting   | 3 4 5 7 |  7.4
Charms         | 1 3 5 |  5.6
Ice Magic      | 2 7 |  7.8
Dodging        | |  1.7
Stealth        | |  1.7

Action                   |  1- 3 |  4- 6 |  7- 9 | 10-12 || total
-------------------------+-------+-------+-------+-------++-------
Melee: Dagger            |    30 |       |       |       ||    30
       Tailslap          |     2 |    13 |     7 |     2 ||    24
       Whip              |       |   113 |    74 |    22 ||   209
 Fire: Blowgun           |       |       |     4 |       ||     4
 Cast: Magic Dart        |    54 |    60 |    72 |    15 ||   201
       Searing Ray       |     5 |    20 |    65 |    11 ||   101
       Iskenderun's Batt |       |       |    11 |     2 ||    13
 Abil: Breathe Frost     |       |       |     9 |       ||     9
  Use: Potion            |       |       |     2 |     1 ||     3
       Scroll            |       |       |    10 |       ||    10
 Stab: Distracted        |     1 |       |       |       ||     1
       Sleeping          |       |     1 |       |       ||     1
  Eat: Chunk             |     4 |     9 |    13 |     3 ||    29
       Fruit             |     1 |     1 |     3 |       ||     5
       Pizza             |       |       |     1 |       ||     1
       Meat ration       |       |       |     1 |       ||     1
Armor: Skin              |    17 |    51 |    62 |    28 ||   158
Dodge: Dodged            |    40 |    93 |   118 |    42 ||   293
